 Dungeon Crawl Stone Soup version 0.30-a0-702-gdf48620a09 (webtiles) character file.

Game seed: 17268784390238781001

41 flotson the Sneak (level 3, 0/29 HPs)
             Began as a Demonspawn Delver on Jan 21, 2023.
             Killed from afar by Maggie (29 damage)
             ... with a bolt of fire
             ... on level 6 of the Dungeon.
             The game lasted 00:01:44 (346 turns).

flotson the Sneak (Demonspawn Delver)                Turns: 346, Time: 00:01:44

Health: 0/29       AC:  3    Str: 14    XL:     3   Next: 32%
Magic:  3/3        EV: 12    Int: 11    God:
Gold:   14         SH:  0    Dex: 14    Spells: 2/2 levels left

rFire   . . .      SeeInvis .    a - +0 hand axe
rCold   . . .      Faith    .    (no shield)
rNeg    . . .      Spirit   .    b - +0 leather armour
rPois   .          Reflect  .    (no helmet)
rElec   .          Harm     .    (no cloak)
rCorr   .          Rampage  .    (no gloves)
Will    .....                    (no boots)
Stlth   +++                      (no amulet)
HPRegen 0.24/turn                (no ring)
MPRegen 0.08/turn                (no ring)

@: mesmerised
A: foul stench 1
a: no special abilities


You were on level 6 of the Dungeon.
You visited 1 branch of the dungeon, and saw 2 of its levels.

You collected 14 gold pieces.

Inventory:

Hand Weapons
 a - a +0 hand axe (weapon)
Armour
 b - a +0 leather armour (worn)
 h - a +0 cloak
Wands
 g - a wand of digging (3)
Scrolls
 c - a scroll of fog
 f - a scroll of summoning {unknown}
Potions
 d - a potion of curing {unknown}
 e - a potion of attraction {unknown}


   Skills:
 + Level 3.2 Fighting
 - Level 2.0 Axes
 + Level 0.8 Armour
 + Level 2.1 Dodging
 + Level 4.8 Stealth
 + Level 1.1 Evocations


You had 2 spell levels left.
You didn't know any spells.
Your spell library was empty.

Dungeon Overview and Level Annotations

Branches:
Dungeon (6/15)
 Temple: D:4-7

Altars:

Annotations:
D:5 Grinder
D:6 Eustachio, Maggie


Innate Abilities, Weirdness & Mutations

You may rarely emit foul miasma when damaged in melee.


Message History

You barely miss the adder.
The adder is severely wounded.
You feel sick. The adder misses you. The adder bites you but does no damage.
You closely miss the adder.
The adder is severely wounded.
You feel sick. The adder bites you but does no damage.
You barely miss the adder.
The adder is severely wounded.
You feel sick.
You are no longer poisoned.
The adder misses you. The adder bites you but does no damage.
You miss the adder.
The adder is severely wounded.
The adder closely misses you. The adder bites you but does no damage.
You barely miss the adder.
The adder is severely wounded.
The adder bites you but does no damage.
You hit the adder.
You kill the adder!
d - a grey potion You start resting.
HP restored.
Found a cloak.
e - a smoky silvery potion
Found 9 gold pieces.
Found 11 gold pieces and 2 metallic yellow potions.
Maggie the Vainglorious comes into view.
She is wielding a +0 broad axe of flaming.
Maggie shouts!
Maggie gives herself a magical halo, but it quickly sputters out.
You see here a +0 cloak.
h - a +0 cloak
Okay, then.
Maggie gestures wildly while chanting.
Maggie attempts to bespell you!
You are mesmerised by Maggie!
You cannot move away from Maggie!
Maggie points at you and mumbles some strange words.
The bolt of fire hits you!!
Ouch! That really hurt!
You die...

.##............##.. #
....#.......b....#
.#...#...........##
....@...#.......##
#####.#..#......##...
##....$..##...........
#........#............
#.....................
##.$.@...##...........
........................
..##........######......
♣♣.!~~...# #......
P...~~...# #......
♣.♣♣PP....# #...... ♣..
♣♣...#.# +...... P.
♣.♣.#.# #...... ....####


You could see Maggie (mesmerising).

Vanquished Creatures
  A hound (D:5)
  An adder (D:6)
  An orc (D:6)
3 creatures vanquished.

Notes
Turn   | Place    | Note
-------+----------+-------------------------------------------
     0 | D:5      | flotson the Demonspawn Delver began the quest for the Orb.
     0 | D:5      | Reached XP level 1. HP: 18/18 MP: 1/1
    11 | D:5      | Noticed an orc wizard
    26 | D:5      | Noticed a hound
    42 | D:5      | Killed a hound
    43 | D:5      | Reached skill level 1 in Evocations
    43 | D:5      | Gained mutation: You may rarely emit foul miasma when
                  | damaged in melee. [demonic ancestry]
    43 | D:5      | Reached XP level 2. HP: 13/24 MP: 2/2
    43 | D:5      | Reached XP level 3. HP: 16/29 MP: 3/3
   140 | D:5      | Noticed Grinder
   141 | D:5      | Paralysed by Grinder for 5 turns
   180 | D:5      | Noticed an ogre
   261 | D:6      | Noticed Eustachio
   341 | D:6      | Noticed Maggie
   346 | D:6      | Killed from afar by Maggie

Illustrated notes

Levels and vault maps discovered:
D:5:      layout_basic, vehumet_altar_wand_db, uniq_grinder
D:6:      layout_rooms, general_overflow_altar, nicolae_elyvilon_peaceful_grove,
          grunt_ministairs_3, uniq_blork_the_orc, uniq_maggie, uniq_eustachio

Skill      XL: |  1 |
---------------+----+-----
Axes           | 2 |  2.0
Dodging        | 2 |  2.1
Evocations     | 1 |  1.1
Fighting       | |  3.2
Armour         | |  0.8
Stealth        | |  4.8

Action                   || total
-------------------------++-------
Melee: Hand axe          ||    22
  Use: Potion            ||     1
       Scroll            ||     2
Armor: Leather armour    ||    10
Dodge: Dodged            ||    13

Table legend: (Time is in decaauts)
 A = Elapsed time spent in this place.
 B = Non-inter-level travel time spent in this place.
 C = Inter-level travel time spent in this place.
 D = Time resting spent in this place.
 E = Time spent auto-exploring this place.
 F = Levels seen in this place.
 G = Mean time per level.
                   A        B        C        D        E       F      G
               +--------+--------+--------+--------+--------+-----+--------+
         Total |    331 |    331 |      0 |     83 |     93 |   2 |  165.5 |
       Dungeon |    331 |    331 |      0 |     83 |     93 |   2 |  165.5 |
               +--------+--------+--------+--------+--------+-----+--------+

Top non-repeatable levels by time:
     D:5: 175 daAuts
     D:6: 155 daAuts
